Map: Polka LE

Players

Chris

  • Race: Protoss Protoss
  • League: Diamond
  • Spawn Location: 5:00

Klaw

  • Race: Protoss Protoss
  • League: Platinum
  • Spawn Location: 5:00

Massa - Winner!

  • Race: Terran Terran
  • League: Platinum
  • Spawn Location: 11:00

qqq - Winner!

  • Race: Zerg Zerg
  • Spawn Location: 11:00

VOD

Have the link to the VOD?

Description

Time

  • Played on: Feb. 25, 2021, 4:57 p.m.
  • Length: 61:42
Show
View Real Time Build Order
Export as new Build Order

Chris Protoss 

Build Orders: Carriers 

Get SALT Encoding   

  12  0:00  Probe  
  13  0:12  Probe  
  14  0:22  Pylon  
  14  0:24  Probe  
  15  0:40  Probe (Chrono Boost), Gateway  
  16  0:48  Probe (Chrono Boost)  
  16  0:49  Assimilator  
  17  0:54  Assimilator  
  17  0:55  Probe  
  18  1:08  Probe  
  19  1:12  Gateway  
  19  1:20  Probe  
  20  1:27  Cybernetics Core  
  20  1:29  Zealot  
  23  1:32  Probe  
  23  1:41  Pylon  
  23  1:59  Probe  
  24  2:08  Adept  
  24  2:09  Adept  
  28  2:22  Nexus  
  28  2:25  Probe  
  29  2:39  Sentry  
  29  2:42  Pylon  
  31  3:00  Probe, Sentry  
  31  3:01  Stargate  
  34  3:10  Pylon  
  34  3:12  Probe  
  35  3:24  Probe  
  32  3:35  Probe  
  32  3:36  Probe, Void Ray (Chrono Boost)  
  30  3:47  Probe  
  30  3:48  Probe  
  34  4:00  Probe  
  36  4:03  Void Ray (Chrono Boost)  
  29  4:42  Warp Gate  
  18  4:50  Probe  
  20  4:52  Probe  
  16  5:10  Pylon  
  13  5:16  Probe (Chrono Boost)  
  11  5:26  Probe (Chrono Boost)  
  11  5:27  Probe (Chrono Boost)  
  12  5:33  Probe (Chrono Boost)  
  11  5:44  Probe  
  11  5:46  Pylon  
  12  5:53  Pylon  
  12  5:58  Probe x2  
  14  6:06  Void Ray (Chrono Boost)  
  14  6:10  Probe  
  19  6:19  Gateway  
  19  6:25  Pylon  
  19  6:31  Probe  
  20  6:36  Probe  
  21  6:44  Probe (Chrono Boost)  
  22  6:48  Probe (Chrono Boost)  
  23  6:57  Probe (Chrono Boost)  
  23  7:00  Probe (Chrono Boost)  
  24  7:03  Probe (Chrono Boost)  
  26  7:12  Probe  
  27  7:17  Adept x2  
  31  7:28  Probe  
  31  7:29  Probe  
  33  7:40  Probe  
  34  7:59  Probe x2  
  36  8:11  Probe x2  
  38  8:15  Assimilator  
  38  8:21  Assimilator  
  38  8:24  Void Ray, Nexus  
  38  8:41  Probe x2 (Chrono Boost)  
  44  8:53  Probe x2 (Chrono Boost)  
  44  8:55  Pylon  
  42  8:58  Probe (Chrono Boost)  
  42  8:59  Probe (Chrono Boost)  
  42  9:00  Void Ray (Chrono Boost)  
  44  9:07  Probe x2  
  50  9:19  Probe, Shield Battery  
  50  9:22  Probe  
  52  9:31  Probe  
  52  9:33  Sentry  
  52  9:34  Probe, Sentry  
  52  9:37  Void Ray (Chrono Boost)  
  54  9:40  Probe  
  54  9:43  Probe  
  60  9:46  Probe  
  60  9:52  Twilight Council  
  61  9:54  Probe  
  62  10:02  Probe  
  62  10:04  Assimilator  
  63  10:13  Protoss Air Weapons Level 1  
  63  10:15  Fleet Beacon  
  63  10:16  Probe  
  64  10:25  Stalker  
  67  10:28  Probe  
  67  10:35  Shield Battery  
  67  10:36  Shield Battery  
  66  10:52  Probe x2  
  66  10:56  Carrier (Chrono Boost), Pylon  
  68  11:00  Assimilator  
  68  11:03  Probe  
  75  11:04  Charge  
  75  11:05  Probe  
  75  11:08  Probe  
  75  11:09  Stargate  
  77  11:15  Probe  
  77  11:17  Probe, Stalker  
  81  11:20  Probe  
  81  11:21  Stalker  
  80  11:46  Carrier (Chrono Boost)  
  76  11:49  Carrier (Chrono Boost)  
  76  11:50  Stalker x2  
  76  11:52  Probe  
  85  11:59  Probe  
  85  12:00  Probe  
  93  12:04  Gateway  
  93  12:07  Gateway  
  93  12:14  Pylon  
  93  12:18  Pylon  
  93  12:27  Pylon  
  93  12:32  Probe x2  
  101  12:39  Sentry x2  
  101  12:40  Carrier (Chrono Boost)  
  104  13:02  Carrier (Chrono Boost)  
  110  13:08  Stalker x3  
  116  13:14  Pylon  
  116  13:16  Pylon  
  116  13:17  Pylon  
  116  13:21  Probe  
  117  13:29  Protoss Air Weapons Level 2 (Chrono Boost)  
  117  13:38  Carrier (Chrono Boost)  
  117  13:40  Nexus  
  123  13:42  Pylon  
  123  13:46  Probe, Pylon  
  123  13:47  Carrier (Chrono Boost)  
  123  13:48  Probe x2  
  126  13:59  Probe  
  133  14:06  Templar Archives  
  133  14:07  Gateway  
  133  14:08  Probe  
  134  14:35  Carrier  
  134  14:36  Mothership  
  148  14:44  Carrier  
  154  14:51  Zealot  
  154  14:52  Zealot x2  
  157  15:10  Nexus  
  156  15:16  Pylon  
  150  15:32  Protoss Air Armor Level 1 (Chrono Boost)  
  90  15:49  Carrier (Chrono Boost)  
  90  16:00  Carrier (Chrono Boost)  
  96  16:06  Nexus  
  96  16:07  Pylon  
  96  16:09  High Templar x2  
  95  16:14  Archon  
  95  16:15  High Templar x2  
  97  16:25  Archon  
  97  16:38  Probe  
  98  16:44  Carrier  
  104  16:50  High Templar  
  104  16:51  High Templar, Zealot x3  
  114  16:55  Archon  
  114  17:01  Probe  
  114  17:02  Shield Battery  
  114  17:05  Shield Battery  
  114  17:07  Probe, Shield Battery  
  116  17:13  Forge  
  116  17:15  Pylon  
  116  17:17  Probe, Pylon  
  116  17:18  Probe  
  116  17:20  Psionic Storm, Assimilator  
  116  17:22  Assimilator  
  118  17:25  Carrier  
  124  17:43  Zealot x2  
  126  17:49  Zealot  
  126  17:50  Zealot  
  102  17:52  Zealot  
  72  17:59  Protoss Air Weapons Level 3  
  62  18:06  High Templar  
  62  18:07  High Templar  
  62  18:11  Archon  
  61  18:15  Zealot  
  61  18:16  Zealot x2  
  54  18:43  Void Ray x2  
  54  18:52  High Templar x2  
  60  19:00  Nexus  
  60  19:01  Probe  
  60  19:02  Probe  
  62  19:14  Probe  
  62  19:16  High Templar x2  
  67  19:41  High Templar  
  67  19:42  Zealot x2  
  73  19:56  Zealot x2  
  77  20:14  High Templar  
  77  20:15  Probe x3  
  82  20:27  Probe x2  
  84  20:30  Assimilator  
  80  20:38  Probe  
  81  20:48  High Templar  
  83  20:50  High Templar  
  85  20:59  Nexus  
  85  21:12  Sentry  
  87  21:19  Zealot  
  87  21:20  Zealot  
  91  21:35  Void Ray x2  
  99  21:50  Pylon  
  99  21:53  Pylon  
  83  22:12  Archon x2, Void Ray  
  83  22:15  Archon  
  73  22:19  Zealot x2  
  73  22:20  Zealot x3  
  83  22:27  Probe x2  
  81  22:40  High Templar x3  
  81  22:41  High Templar  
  89  22:50  Assimilator  
  89  22:52  Assimilator  
  64  23:24  Oracle (Chrono Boost)  
  66  24:00  Zealot  
  66  24:01  Zealot x4  
    24:48  Probe (Chrono Boost)  
  2  24:58  Probe (Chrono Boost)  
  3  25:00  Probe (Chrono Boost)  
  3  25:06  Probe (Chrono Boost)  
  4  25:09  Probe  
  5  25:18  Zealot  
  5  25:21  Zealot  
  9  25:44  Zealot  
  11  25:55  Nexus  
  11  26:02  Probe  
  12  26:39  Probe x2  
  8  26:57  Probe  
  9  27:07  Probe  
  6  27:29  Probe (Chrono Boost)  
  4  27:34  Zealot  
  5  27:57  Probe  
  6  28:13  Probe (Chrono Boost)  
  7  28:24  Probe (Chrono Boost)  
  8  28:35  Probe (Chrono Boost)  
  9  28:59  Probe  
  10  29:03  Probe  
  11  29:37  Void Ray (Chrono Boost)  
  15  30:13  Void Ray (Chrono Boost)  
  17  30:32  Probe (Chrono Boost)  
  19  30:43  Probe (Chrono Boost)  
  19  30:47  Probe (Chrono Boost)  
  20  30:56  Probe  
  21  30:59  Probe  
  22  31:15  Void Ray  
  26  31:26  Probe  
    33:13  Probe  
  1  33:25  Probe  
  2  37:17  Probe  
Show
View Real Time Build Order
Export as new Build Order

Klaw Protoss 

Build Orders:  

Get SALT Encoding   

  12  0:02  Probe  
  13  0:14  Probe  
  14  0:20  Pylon  
  14  0:26  Probe  
  15  0:38  Probe  
  15  0:41  Gateway  
  16  0:50  Probe  
  16  0:55  Assimilator  
  17  1:02  Probe  
  18  1:14  Probe  
  19  1:21  Gateway  
  19  1:31  Probe  
  20  1:40  Cybernetics Core  
  20  1:43  Pylon  
  20  1:47  Probe  
  21  2:04  Zealot  
  23  2:22  Pylon, Nexus  
  23  2:26  Probe  
  24  2:35  Warp Gate (Chrono Boost)  
  24  2:38  Probe  
  24  2:39  Stalker  
  24  2:43  Stalker  
  29  2:52  Pylon  
  29  3:02  Gateway  
  29  3:08  Probe  
  29  3:11  Stalker  
  32  3:23  Probe  
  33  3:35  Probe  
  34  3:48  Stalker x2 (Chrono Boost)  
  36  4:10  Stalker (Chrono Boost)  
  36  4:30  Stalker  
  36  4:31  Probe x2  
  32  4:43  Probe x2, Stalker  
  36  4:55  Probe  
  37  5:05  Stalker  
  35  5:14  Zealot  
  35  5:15  Zealot  
  37  5:25  Assimilator  
  37  5:31  Zealot  
  39  5:37  Zealot x2  
  39  5:38  Gateway  
  39  5:40  Gateway  
  43  5:43  Gateway  
  40  5:52  Zealot  
  40  6:07  Zealot  
  40  6:08  Zealot  
  41  6:39  Nexus  
  41  6:41  Robotics Facility  
  41  6:45  Pylon  
  41  6:51  Twilight Council  
  41  6:53  Gateway  
  41  6:59  Gateway  
  41  7:00  Gateway  
  41  7:10  Probe (Chrono Boost)  
  42  7:20  Probe (Chrono Boost)  
  43  7:25  Probe (Chrono Boost)  
  43  7:27  Stalker x2  
  43  7:28  Stalker  
  50  7:37  Probe  
  51  7:44  Charge (Chrono Boost)  
  51  7:49  Probe  
  52  7:54  Immortal (Chrono Boost)  
  55  8:00  Probe  
  55  8:03  Probe  
  58  8:12  Probe  
  58  8:13  Pylon  
  58  8:19  Forge  
  58  8:28  Assimilator  
  58  8:30  Probe  
  59  8:34  Warp Prism (Chrono Boost)  
  59  8:35  Assimilator  
  61  8:51  Protoss Ground Weapons Level 1 (Chrono Boost)  
  61  8:52  Probe x2, Pylon  
  63  9:04  Probe x2  
  65  9:16  Probe, Immortal  
  70  9:18  Robotics Bay  
  70  9:29  Pylon  
  70  9:33  Pylon  
  70  9:55  Nexus  
  70  9:57  Zealot x3  
  76  10:01  Probe  
  76  10:04  Probe  
  78  10:12  Colossus (Chrono Boost)  
  84  10:25  Extended Thermal Lance (Chrono Boost)  
  84  10:31  Zealot  
  84  10:32  Zealot  
  84  10:34  Zealot  
  90  10:35  Protoss Ground Armor Level 1 (Chrono Boost)  
  90  10:37  Zealot  
  92  10:59  Colossus  
  93  11:04  Probe x2  
  90  11:15  Zealot  
  90  11:16  Probe x2, Zealot x3  
  96  11:28  Probe x2  
  96  11:31  Zealot x3  
  96  11:32  Zealot  
  80  11:48  Zealot  
  80  11:49  Colossus (Chrono Boost)  
  78  12:07  Robotics Facility  
  78  12:10  Probe  
  78  12:11  Probe x2  
  79  12:19  Pylon  
  79  12:23  Probe x3 (Chrono Boost)  
  79  12:27  Protoss Ground Weapons Level 2, Pylon  
  82  12:33  Probe x3 (Chrono Boost)  
  82  12:36  Colossus  
  91  12:39  Templar Archives  
  91  13:07  Zealot x7  
  91  13:08  Zealot x2  
  91  13:11  Psionic Storm  
  109  13:19  Probe x3  
  112  13:30  Observer  
  112  13:31  Probe  
  114  13:37  Probe  
  114  13:39  Assimilator  
  115  13:41  Assimilator  
  115  13:50  Probe x3  
  115  13:51  High Templar  
  115  13:52  High Templar x2  
  124  13:56  Pylon  
  124  13:59  Pylon  
  124  14:06  Pylon  
  124  14:08  Pylon  
  122  14:10  Pylon  
  122  14:16  High Templar x5  
  132  14:17  High Templar  
  134  14:25  Zealot x3  
  140  14:49  Gateway  
  140  14:50  Gateway  
  140  14:53  Gateway  
  140  14:55  Gateway  
  140  14:57  Gateway  
  140  14:59  Gateway  
  140  15:00  Protoss Ground Armor Level 2  
  140  15:02  Gateway  
  140  15:03  Zealot x2  
  140  15:04  Zealot x7  
  140  15:07  Gateway  
  158  15:18  Immortal  
  162  15:34  Probe  
  163  15:40  Observer  
  164  15:58  Observer  
  165  16:09  Pylon  
  165  16:11  Pylon  
  165  16:12  Pylon  
  165  16:14  Pylon  
  161  16:35  Stalker x4  
  161  16:36  Stalker x8  
  183  17:07  Nexus  
  183  17:16  Pylon x2  
  183  17:17  Pylon x2  
  183  17:18  Pylon  
  183  17:20  Pylon x2  
  139  18:48  Nexus  
  139  19:00  Photon Cannon  
  139  19:01  Photon Cannon  
  139  19:04  Observer, Photon Cannon  
  139  19:06  Photon Cannon  
  139  19:10  Pylon  
  139  19:12  Zealot  
  139  19:13  Zealot x11  
  139  19:14  Pylon, Zealot x5  
  166  20:16  Stalker x4  
  166  20:17  Stalker x2  
  166  20:21  Observer x2  
  180  20:35  Assimilator  
  180  20:39  Stalker x7  
  180  20:40  Assimilator, Stalker x3  
  180  21:57  Pylon  
  180  21:59  Pylon  
  162  22:19  Zealot x3  
  162  22:20  Zealot x14  
  177  22:54  Nexus  
  177  22:58  Assimilator  
  177  23:02  Assimilator  
  177  23:05  Pylon  
  177  23:08  Pylon  
  177  23:10  Pylon  
  173  23:32  High Templar x2  
  173  23:33  High Templar x11  
  192  24:09  Immortal x2 (Chrono Boost)  
  167  24:48  Immortal x2  
  167  24:49  Zealot x8  
  167  24:50  Zealot x7  
  187  25:12  Zealot x3  
  193  25:27  Immortal  
  143  26:06  Observer  
  123  26:19  Colossus  
  129  26:27  Colossus  
  129  27:12  Zealot x4  
  129  27:13  Zealot x13  
  129  27:14  Observer  
  164  27:21  Observer  
  165  27:43  Blink (Chrono Boost)  
  145  27:58  High Templar  
  145  27:59  High Templar x3  
  145  28:00  Zealot x8  
  144  28:25  Zealot x2  
  144  28:26  Zealot x11  
  166  28:56  High Templar x4  
  156  30:37  Archon  
  156  30:38  Archon  
  146  32:19  Stalker x6  
  105  34:08  Archon  
  71  34:48  Observer x2  
  73  34:54  Stalker x2  
  65  36:13  Archon  
  65  36:14  Archon x3  
  48  41:24  Stalker x2  
  52  45:40  Observer  
Show
View Real Time Build Order
Export as new Build Order

Massa Terran - Winner!

Build Orders:  

Get SALT Encoding   

  12  0:01  SCV  
  13  0:13  SCV  
  14  0:25  SCV  
  15  0:29  Supply Depot  
  15  0:40  Refinery  
  15  0:51  SCV  
  15  0:54  Barracks  
  16  1:03  SCV  
  17  1:15  Barracks  
  17  1:26  SCV  
  17  1:31  Refinery  
  18  1:38  SCV  
  19  1:45  Barracks Tech Lab  
  19  1:51  Orbital Command  
  19  2:02  Barracks Tech Lab  
  19  2:06  Marauder  
  19  2:07  Concussive Shells  
  21  2:16  SCV  
  22  2:24  Stimpack  
  22  2:27  Marine  
  23  2:33  Supply Depot  
  23  2:54  SCV  
  23  2:55  Marauder x2, Supply Depot  
  28  3:15  Marine, Supply Depot  
  28  3:16  Marauder  
  30  3:29  Bunker  
  30  3:33  Marine  
  31  3:37  Marauder  
  30  3:51  Marine  
  31  3:59  Marauder  
  33  4:06  Bunker  
  33  4:09  Marine  
  34  4:20  Marine  
  34  4:27  Marauder  
  29  4:37  Marine  
  26  4:56  Command Center  
  23  5:02  Barracks  
  19  5:47  SCV  
  20  5:55  Factory  
  20  5:58  Factory  
  20  5:59  SCV  
  21  6:04  Barracks Reactor  
  21  6:09  Engineering Bay  
  21  6:13  Orbital Command  
  21  6:14  SCV  
  22  6:26  SCV  
  22  6:29  Barracks Reactor, Barracks Tech Lab  
  23  6:38  SCV  
  24  6:40  Missile Turret  
  24  6:43  Marine x2, Missile Turret  
  26  6:49  Factory Tech Lab x2, Missile Turret  
  26  6:50  SCV  
  26  6:51  Terran Infantry Weapons Level 1  
  27  6:56  Armory  
  27  6:57  Combat Shield  
  27  6:59  Marine  
  27  7:00  Marine  
  27  7:01  Marine  
  30  7:02  SCV  
  30  7:03  SCV  
  32  7:09  Missile Turret  
  32  7:14  Cyclone  
  32  7:15  SCV x2  
  37  7:16  Marine  
  37  7:20  Cyclone  
  37  7:22  Marine  
  42  7:23  Marine  
  42  7:26  Marine  
  44  7:30  Marine  
  44  7:34  Marine  
  46  7:39  SCV x2  
  46  7:40  Marine  
  49  7:46  Marine  
  49  7:47  Marine  
  49  7:48  Marine  
  49  7:50  Cyclone  
  49  7:51  SCV x2  
  56  7:55  Mag-Field Accelerator  
  57  7:59  Cyclone  
  57  8:02  Marine  
  57  8:04  SCV  
  62  8:09  Supply Depot  
  62  8:14  Supply Depot  
  62  8:18  Supply Depot  
  62  8:19  Supply Depot  
  62  8:31  SCV x2, Marine x3  
  62  8:34  Supply Depot  
  67  8:37  Supply Depot  
  67  8:39  Cyclone  
  70  8:43  SCV x2  
  72  8:52  Marine  
  72  8:53  Marine x3  
  72  8:55  SCV x2  
  78  8:58  Cyclone  
  78  9:00  Drilling Claws  
  81  9:07  SCV x2, Terran Vehicle And Ship Armor Level 1  
  83  9:12  Refinery  
  83  9:14  Refinery  
  83  9:16  Supply Depot  
  83  9:19  Terran Infantry Weapons Level 2  
  83  9:28  Cyclone  
  83  9:30  Cyclone, Marine x4  
  93  9:41  SCV x2  
  95  9:53  SCV, Marine x2  
  95  9:54  Marauder, Marine  
  95  9:56  Command Center  
  101  10:11  Marine x3  
  95  10:51  Cyclone x2  
  101  11:13  SCV x2  
  103  11:23  Cyclone x2  
  103  11:25  SCV x2  
  108  11:37  SCV  
  106  11:54  Planetary Fortress  
  106  11:55  Cyclone x2  
  106  11:56  SCV x2  
  114  12:08  SCV x2  
  116  12:10  Marauder, Marine x4  
  116  12:13  Refinery  
  116  12:15  Barracks  
  122  12:16  Barracks  
  122  12:17  Barracks x2  
  122  12:20  SCV  
  123  12:23  Missile Turret  
  123  12:27  Cyclone, Sensor Tower  
  123  12:28  Marine  
  127  12:31  Refinery, Marauder  
  127  12:32  Siege Tank  
  127  12:34  Marine  
  133  12:39  Terran Infantry Weapons Level 3  
  133  12:45  Missile Turret  
  133  12:47  Engineering Bay  
  133  12:50  Terran Vehicle Weapons Level 1  
  133  12:51  Supply Depot  
  133  12:52  Supply Depot  
  133  12:53  Supply Depot x2  
  133  12:55  Supply Depot  
  133  12:57  Supply Depot  
  133  12:59  Smart Servos  
  133  13:06  Barracks Reactor, Barracks Tech Lab x2  
  133  13:07  Barracks Reactor  
  133  13:12  Marine x5, Siege Tank  
  141  13:14  Starport, Siege Tank  
  141  13:17  Starport, Supply Depot x2  
  141  13:18  Starport  
  144  13:30  Marine  
  145  13:35  Marine  
  145  13:36  Marine  
  145  13:38  Marauder  
  145  13:40  SCV  
  150  13:44  Thor  
  150  13:45  Thor  
  150  13:46  Command Center  
  162  14:09  SCV  
  163  14:10  SCV x2  
  165  14:22  SCV x3  
  165  14:35  Marine  
  165  14:36  Marine x10  
  165  14:37  Thor x2  
  188  14:53  Marine  
  188  14:54  Marine x4  
  193  15:13  Marine  
  193  15:14  Marauder x2  
  197  15:23  Supply Depot  
  197  15:26  Supply Depot  
  197  15:30  Marine x2  
  197  15:31  Marine x4  
  197  15:32  Marine x2  
  197  15:34  Supply Depot  
  197  15:35  Supply Depot  
  196  15:36  Marauder  
  196  15:37  Marauder  
  196  15:38  Siege Tank  
  196  15:41  Siege Tank  
  196  15:52  Terran Infantry Armor Level 1  
  196  15:54  Terran Vehicle And Ship Armor Level 2  
  196  16:07  Supply Depot x3  
  196  16:09  Supply Depot  
  196  16:11  Supply Depot  
  184  16:25  Command Center  
  184  16:28  Thor x2  
  184  16:30  Marauder x2  
  150  18:03  Medivac  
  150  18:04  Medivac x2  
  73  18:29  Marauder  
  73  18:30  Marauder x2, Marine x3  
  73  18:31  Thor x2  
  73  18:33  Medivac  
  73  18:34  Medivac x2  
  79  18:49  Command Center  
  79  18:51  Marauder x2  
  79  18:52  Factory  
  79  18:53  Factory  
  83  18:59  Terran Vehicle And Ship Armor Level 3  
  83  19:00  Terran Infantry Armor Level 2  
  83  19:01  Hi-Sec Auto Tracking  
  83  19:06  Starport Tech Lab  
  83  19:07  Starport Reactor  
  83  19:14  Thor x2  
  97  19:24  Marauder x2  
  97  19:25  Marauder, Marine x8  
  109  19:42  Marine  
  109  19:43  Marine x3  
  115  19:45  Marauder  
  115  19:46  Marauder x2  
  119  19:57  Siege Tank x2  
  119  19:58  Neosteel Armor  
  125  20:00  Marine  
  125  20:01  Marine x7  
  135  20:07  Marauder x3  
  139  20:18  Marine  
  139  20:19  Marine x2  
  142  20:22  Planetary Fortress  
  142  20:25  SCV x3  
  145  20:29  Siege Tank x2  
  151  20:37  SCV x2  
  153  20:48  Ghost Academy  
  153  20:55  Factory Tech Lab x2  
  153  20:59  Refinery  
  153  21:00  Refinery  
  153  21:01  Thor, Siege Tank  
  162  21:15  SCV  
  162  21:16  SCV x3  
  166  21:27  SCV  
  166  21:28  SCV x2  
  169  21:33  Command Center  
  139  22:34  Siege Tank x2  
  139  22:35  Thor x2  
  155  22:42  Marauder x2, Marine x2  
  155  22:43  Marauder, Marine x4  
  167  23:03  Marauder  
  167  23:04  Marauder x2  
  168  23:13  Marine x2  
  168  23:14  Marine x6, Siege Tank  
  154  23:25  Marauder x3  
  151  23:31  Marine x2  
  152  23:46  Marauder  
  152  23:47  Marauder x2  
  158  24:07  Marauder  
  158  24:08  Marauder  
  152  24:27  Marauder, Marine  
  152  24:28  Marine x2  
  152  24:29  Marauder x2  
  85  25:07  Orbital Command  
  85  25:20  Sensor Tower  
  21  25:51  SCV  
  21  25:54  Marine  
  23  26:02  Marine x2  
  23  26:03  SCV  
  26  26:04  Marauder  
  22  26:19  Marauder, Marine x2  
  22  26:20  Marine  
  27  26:26  Marauder  
  21  26:38  Siege Tank x3  
  30  27:37  Command Center  
  30  27:38  Medivac  
  20  29:10  Planetary Fortress  
  20  29:23  SCV  
  21  29:27  Marauder, Marine  
  12  29:46  SCV  
  15  29:58  SCV  
  11  30:10  SCV, Barracks  
  11  30:12  Barracks  
  11  30:14  Supply Depot  
  12  30:22  SCV  
  13  30:35  SCV  
  14  30:47  SCV  
  14  30:58  Barracks, Marine  
  14  30:59  SCV  
  14  31:00  Marine  
  15  31:11  SCV, Hellion x2  
  15  31:16  Marine  
  15  31:23  SCV  
  15  31:27  Orbital Command  
  15  31:28  Marine  
  16  31:34  Marine  
  16  31:35  SCV  
  18  31:47  SCV  
  19  32:03  SCV  
  20  32:15  SCV  
  21  32:46  SCV  
  21  32:47  Marine x2  
  24  32:52  Command Center  
  25  32:58  SCV  
  25  33:05  Marine x2  
  5  33:53  Factory Tech Lab  
  5  34:05  Factory Tech Lab  
  5  34:06  SCV  
  5  34:08  Supply Depot  
  6  34:18  SCV  
  6  34:20  Factory Tech Lab x2  
  6  34:23  Widow Mine x2  
  11  34:25  Widow Mine x2  
  11  34:30  Supply Depot  
  15  34:31  SCV  
  16  34:44  Widow Mine  
  18  34:46  Widow Mine  
  18  34:47  Widow Mine  
  22  34:56  SCV  
  23  35:12  SCV  
  22  35:46  Widow Mine x2  
  22  36:42  SCV  
  23  36:54  SCV  
  20  37:09  Widow Mine x4  
  18  37:34  Widow Mine x2  
  12  39:10  Orbital Command  
  12  39:26  Widow Mine  
  14  39:41  SCV  
  15  39:53  SCV  
  16  40:05  SCV  
  18  40:25  Command Center  
  17  40:34  Marine  
  11  40:52  Marine  
  8  41:46  Orbital Command  
  7  42:34  Orbital Command  
  6  43:00  SCV  
  6  43:13  SCV  
  7  43:28  SCV  
  7  43:30  Marine  
  11  43:34  Widow Mine  
  11  43:40  SCV, Medivac  
  11  43:41  Orbital Command  
  14  43:47  Marine  
  15  43:52  SCV  
  16  44:04  SCV  
  16  44:09  SCV  
  18  44:12  Marine  
  18  44:16  SCV  
  20  44:21  SCV, Viking  
  23  44:28  SCV  
  23  44:30  Marine  
  23  44:47  Marine  
  23  44:48  SCV  
  25  45:00  SCV  
  21  45:10  Marine  
  18  45:21  SCV  
  19  45:33  SCV  
  20  45:45  SCV  
  21  46:08  Command Center  
  21  46:23  SCV  
  22  46:27  Widow Mine  
  24  46:36  SCV  
  25  46:48  Widow Mine, SCV  
  26  47:09  Widow Mine  
  26  47:28  Orbital Command  
  23  47:31  Widow Mine  
  22  47:46  SCV  
  22  47:48  Marine  
  24  47:52  Widow Mine  
  24  47:54  Medivac  
  24  47:57  SCV  
  24  47:58  SCV  
  30  48:06  Marine  
  30  48:10  SCV  
  31  48:43  Orbital Command  
  31  48:51  Supply Depot  
  31  49:02  Armory  
  31  49:12  Marine  
  31  49:13  Widow Mine  
  34  49:30  Marine  
  35  49:34  Widow Mine  
  35  49:37  SCV  
  36  49:49  SCV  
  36  50:01  SCV  
  36  50:06  Marine  
  38  50:12  Widow Mine  
  38  50:14  SCV  
  38  50:18  Supply Depot  
  37  50:38  SCV  
  36  50:50  SCV  
  30  51:16  SCV  
  20  52:37  Command Center  
  18  54:03  SCV  
  19  54:15  SCV  
  20  54:17  Command Center  
  20  54:40  Orbital Command  
  20  54:51  Orbital Command  
  20  54:53  SCV  
  21  55:00  Barracks  
  21  55:05  SCV  
  22  55:25  SCV  
  23  55:37  SCV  
  23  55:39  SCV  
  23  55:40  Supply Depot  
  25  55:53  Orbital Command  
  25  56:06  Orbital Command  
  25  56:22  SCV  
  26  56:32  SCV  
  27  56:34  SCV  
  28  56:44  SCV  
  28  56:46  SCV  
  30  56:57  Factory  
  24  57:43  Widow Mine, Armory  
  26  57:51  Orbital Command  
  26  58:05  Widow Mine  
  24  58:18  SCV  
  21  58:26  Widow Mine, Marine  
  24  58:30  SCV  
  25  58:37  Factory  
  25  58:48  Widow Mine  
  27  59:07  Marine  
  27  59:09  Widow Mine  
  30  59:18  SCV  
  31  59:30  SCV  
  32  59:51  Command Center  
  32  59:59  Widow Mine  
  35  60:00  Widow Mine  
  35  60:21  Widow Mine  
  37  60:29  Supply Depot  
  37  60:51  Widow Mine  
Show
View Real Time Build Order
Export as new Build Order

qqq Zerg - Winner!

Build Orders: Hatch First 

Get SALT Encoding   

  12  0:04  Drone  
  13  0:09  Drone  
  14  0:18  Overlord  
  14  0:42  Extractor  
  13  0:48  Hatchery  
  12  0:53  Drone  
  13  1:00  Drone  
  13  1:01  Drone  
  15  1:30  Spawning Pool  
  14  1:34  Drone x3  
  17  1:41  Extractor  
  16  1:48  Drone  
  17  1:56  Drone, Evolution Chamber  
  17  2:01  Drone  
  17  2:08  Drone  
  19  2:16  Queen  
  21  2:25  Queen  
  21  2:29  Drone  
  24  2:33  Drone  
  25  2:42  Metabolic Boost  
  25  2:46  Zerg Melee Weapons Level 1  
  25  2:52  Overlord  
  25  2:56  Drone  
  26  2:59  Drone  
  26  3:02  Drone  
  28  3:12  Zergling x6  
  31  3:13  Zergling x2  
  31  3:16  Zergling x2  
  31  3:19  Zergling x2  
  29  3:45  Drone  
  29  3:46  Drone, Zergling x10  
  35  3:55  Overlord  
  35  4:02  Overlord  
  35  4:08  Lair  
  35  4:12  Overlord  
  35  4:14  Zergling x4  
  37  4:29  Zergling x10  
  39  4:48  Zergling x8  
  39  4:49  Zergling x6  
  42  5:03  Zergling x8  
  42  5:04  Zergling x2  
  42  5:25  Zergling x6  
  44  5:43  Zergling x6  
  44  5:44  Zergling x10  
  51  5:50  Zergling x2  
  50  5:57  Zerg Ground Armor Level 1  
  50  5:58  Hydralisk Den  
  33  6:21  Zergling x6  
  33  6:22  Zergling x10  
  41  6:28  Drone x3  
  41  6:32  Drone  
  45  6:36  Muscular Augments  
  45  6:37  Hydralisk  
  47  6:45  Spore Crawler  
  46  6:47  Spore Crawler  
  46  6:50  Drone  
  46  6:51  Spore Crawler  
  45  6:55  Hydralisk  
  45  6:57  Drone  
  48  7:06  Drone x3  
  48  7:08  Drone  
  45  7:42  Drone x6  
  50  7:48  Extractor  
  50  7:49  Grooved Spines  
  49  7:52  Drone x3, Overlord x3  
  49  7:54  Extractor  
  49  7:57  Extractor  
  50  8:23  Drone x6, Hatchery  
  55  8:30  Overseer  
  55  8:32  Hydralisk  
  57  8:40  Hydralisk  
  59  8:57  Hydralisk x2  
  59  9:00  Zerg Missile Weapons Level 1  
  63  9:09  Hydralisk  
  63  9:14  Overlord x2  
  63  9:15  Drone x4  
  69  9:21  Hydralisk  
  67  9:50  Lurker Den  
  66  9:53  Pneumatized Carapace  
  66  9:57  Spine Crawler  
  65  10:07  Spine Crawler  
  64  10:14  Hydralisk  
  64  10:15  Infestation Pit  
  64  10:16  Hydralisk  
  67  10:23  Drone x7  
  74  10:30  Evolution Chamber, Baneling Nest  
  74  10:34  Hydralisk  
  75  10:35  Zergling x4  
  75  10:37  Drone  
  75  10:42  Queen  
  79  11:00  Hydralisk x2  
  79  11:01  Hydralisk x2  
  79  11:03  Hatchery  
  86  11:11  Hydralisk x2  
  85  11:12  Zergling x2, Overlord  
  85  11:13  Zergling x8, Overlord x2  
  85  11:14  Zergling x2  
  93  11:29  Hydralisk x2  
  77  11:47  Hydralisk x3  
  81  12:03  Spine Crawler, Queen  
  81  12:05  Drone x3  
  81  12:07  Spine Crawler  
  84  12:08  Spine Crawler  
  83  12:19  Lurker x2  
  83  12:26  Drone  
  83  12:27  Drone x8  
  83  12:28  Drone x7  
  99  12:30  Extractor  
  99  12:32  Extractor  
  99  12:33  Queen  
  99  12:35  Drone x2  
  101  12:46  Hive  
  101  12:54  Drone x3  
  101  12:55  Drone  
  105  13:00  Spine Crawler  
  105  13:01  Spine Crawler  
  95  13:06  Hydralisk  
  95  13:07  Hydralisk x3  
  95  13:09  Drone x5  
  95  13:10  Drone x2  
  102  13:39  Spire  
  101  13:43  Drone x3  
  101  13:44  Drone x3  
  101  13:46  Hydralisk x3  
  101  13:47  Zergling x2  
  101  13:48  Zergling x4  
  116  13:59  Hatchery  
  115  14:05  Extractor  
  115  14:07  Extractor  
  113  14:22  Spire  
  113  14:23  Drone x2  
  114  14:37  Drone  
  114  14:38  Drone x5  
  118  14:39  Drone x2  
  122  14:54  Overlord x3  
  122  14:56  Overlord  
  122  15:05  Hatchery  
  119  15:09  Corruptor  
  119  15:10  Overlord x2  
  119  15:11  Hatchery  
  89  15:38  Corruptor x2  
  89  15:39  Corruptor x5  
  89  15:40  Hydralisk  
  89  15:41  Hydralisk x3  
  99  15:45  Zerg Flyer Weapons Level 1  
  99  15:49  Zerg Flyer Armor Level 1  
  99  15:54  Zergling x2  
  99  15:55  Zergling x4  
  102  16:06  Hydralisk  
  102  16:07  Hydralisk x3  
  102  16:08  Mutalisk  
  102  16:09  Zergling x2  
  102  16:10  Zergling x4  
  112  16:22  Mutalisk x3  
  112  16:24  Zergling x8  
  112  16:25  Zergling x4  
  124  16:29  Drone x5  
  124  16:32  Spore Crawler  
  128  16:36  Spine Crawler  
  128  16:38  Spine Crawler  
  126  16:40  Drone  
  126  16:41  Drone x2, Spine Crawler  
  126  16:42  Drone x2  
  130  16:53  Drone, Spine Crawler  
  130  16:56  Spine Crawler  
  130  16:58  Queen  
  131  17:07  Spine Crawler  
  130  17:10  Spine Crawler  
  130  17:15  Overseer x4, Corruptor x2  
  129  17:16  Corruptor x2  
  129  17:18  Drone  
  129  17:19  Drone  
  129  17:22  Drone  
  140  17:36  Corruptor  
  140  17:37  Corruptor x2  
  122  17:57  Zergling x10  
  122  18:00  Drone x4  
  121  18:12  Hatchery  
  120  18:21  Drone  
  120  18:22  Drone x3, Corruptor x2  
  120  18:23  Mutalisk x2  
  120  18:24  Zergling x4  
  134  18:40  Hydralisk x2  
  138  18:42  Zergling x14  
  145  18:55  Zerg Ground Armor Level 2, Zerg Melee Weapons Level 2  
  145  19:07  Ultralisk Cavern  
  145  19:09  Lurker x3  
  147  19:11  Drone x6  
  147  19:13  Extractor  
  147  19:15  Extractor  
  151  19:32  Greater Spire  
  151  19:33  Seismic Spines  
  126  20:14  Hydralisk x5  
  126  20:15  Hydralisk x2  
  140  20:23  Drone, Hydralisk  
  140  20:24  Hydralisk x3  
  149  20:37  Drone  
  149  20:38  Drone x8  
  149  20:39  Drone  
  159  20:47  Drone  
  160  20:53  Spine Crawler  
  160  20:54  Spine Crawler  
  160  20:55  Spine Crawler, Lurker x5  
  160  20:56  Spine Crawler x2  
  160  21:10  Zerg Missile Weapons Level 2  
  145  21:28  Ultralisk x3  
  141  21:43  Zerg Flyer Armor Level 2  
  84  22:17  Hydralisk x2  
  84  22:18  Ultralisk  
  84  22:19  Zergling x8  
  98  22:23  Hatchery  
  97  22:33  Hatchery  
  96  22:44  Corruptor x3  
  102  23:02  Anabolic Synthesis  
  78  23:32  Hydralisk x2  
  78  23:33  Corruptor  
  84  23:35  Drone  
  85  23:43  Drone  
  86  23:52  Spine Crawler  
  86  23:55  Drone  
  86  23:58  Extractor  
  86  23:59  Spine Crawler  
  84  24:05  Hydralisk  
  84  24:07  Drone  
  87  24:24  Hydralisk x3  
  87  24:25  Corruptor  
  90  24:47  Hydralisk x5  
  90  24:51  Lurker  
  90  24:52  Lurker  
  87  24:58  Drone x5  
  86  25:02  Extractor  
  86  25:04  Extractor  
  84  25:14  Zerg Missile Weapons Level 3  
  84  25:22  Drone x3  
  87  25:39  Ultralisk  
  87  25:40  Zergling x8  
  92  26:03  Ultralisk  
  85  26:29  Ultralisk  
  85  26:30  Zergling x10, Ultralisk  
  85  26:31  Zergling x8  
  101  26:39  Spine Crawler  
  96  26:42  Hydralisk x3  
  96  26:43  Spine Crawler  
  101  27:09  Drone x3  
  64  28:01  Hydralisk x4  
  64  28:02  Hydralisk  
  72  28:15  Drone x2  
  74  28:30  Spine Crawler  
  74  28:31  Drone x6  
  74  28:32  Drone  
  80  28:35  Lurker  
  80  28:39  Hatchery  
  80  28:44  Drone x2  
  79  29:06  Spine Crawler  
  78  29:10  Drone x2  
  78  29:11  Drone x4  
  84  29:18  Lurker x3  
  87  29:26  Lurker  
  82  29:47  Overseer x2  
  78  30:24  Hydralisk x2  
  78  30:27  Lurker  
  81  30:53  Spawning Pool  
  80  31:19  Drone x3  
  74  32:08  Lair  
  74  32:17  Spine Crawler  
  74  32:18  Spine Crawler  
  74  32:19  Spine Crawler  
  74  32:20  Drone x3, Spine Crawler  
  74  32:21  Spine Crawler  
  74  32:22  Drone x2, Spine Crawler  
  74  32:23  Drone, Spine Crawler x3  
  74  32:26  Spine Crawler  
  74  32:27  Spine Crawler  
  74  32:28  Spine Crawler  
  74  32:29  Spine Crawler  
  66  32:30  Spine Crawler  
  66  32:31  Spine Crawler x2  
  66  32:32  Spine Crawler  
  66  32:35  Spine Crawler  
  66  32:36  Spine Crawler  
  43  33:54  Drone x3  
  46  34:19  Hatchery  
  46  34:20  Hatchery  
  32  34:39  Hydralisk Den  
  32  34:43  Drone x3  
  34  35:03  Drone  
  34  35:29  Spawning Pool  
  34  35:30  Drone  
  34  35:31  Drone x2  
  36  35:46  Drone  
  37  35:51  Drone x2  
  37  35:55  Drone x4  
  37  35:56  Drone x2  
  31  36:13  Hatchery  
  31  36:16  Hydralisk  
  31  36:17  Lurker Den  
  31  36:19  Drone  
  31  36:21  Drone  
  28  36:46  Drone x4  
  25  37:11  Hydralisk  
  27  37:17  Hydralisk  
  29  37:36  Hydralisk  
  27  38:00  Drone  
  24  38:10  Drone x2  
  26  38:25  Drone  
  27  38:30  Drone  
Tags
 
Add a new tag
Caveats
  • Supply blocks, unpowered buildings, or Contaminate may cause inaccurate times.
  • Supply counts are checked every 10 seconds.